 Dungeon Crawl Stone Soup version 0.21-a0-525-ga34b322 (webtiles) character file.

82091 Gerstahl the Fighter (level 15, -3/123 HPs)
             Began as a Demonspawn Gladiator on Dec 7, 2017.
             Was the Champion of Ashenzari.
             Slain by a freezing wraith (10 damage)
             ... in an ice cave.
             The game lasted 01:05:33 (33242 turns).

Gerstahl the Fighter (Demonspawn Gladiator)        Turns: 33242, Time: 01:05:35

Health: -3/123     AC: 31    Str: 27    XL:     15   Next: 28%
Magic:  28/28      EV: 17    Int: 10    God:    Ashenzari [******]
Gold:   2280       SH:  0    Dex: 15    Spells: 26/32 levels left

rFire    . . .     SeeInvis +   Q - +5 battleaxe (protect) (curse)
rCold    . . .     Gourm    .   (shield currently unavailable)
rNeg     + + +     Faith    .   G - +4 ring mail of the Arcane {rElec rN+++ SInv Stlth-} (curse)
rPois    +         Spirit   .   (helmet restricted)
rElec    +         Reflect  .   (no cloak)
rCorr    .         Harm     .   (no gloves)
MR       +....     Clarity  +   (no boots)
Stlth    +.........             d - amulet "Muwk" {RegenMP rPois Stlth+} (curse)
HPRegen  0.30/turn              h - +2 ring of protection (curse)
MPRegen  0.46/turn              w - +2 ring of strength (curse)

@: mighty, sanguine armour, protection aura, slowed, studying Polearms, very
slow
A: horns 1, foul stench 1, powered by pain 2, rot immunity, sanguine armour 3
a: Curse Item, Scrying, Transfer Knowledge, Renounce Religion


You were in an ice cave.
You worshipped Ashenzari.
Ashenzari was exalted by your worship.
You were not hungry.

You visited 4 branches of the dungeon, and saw 23 of its levels.
You also visited: Labyrinth, Sewer, Ossuary, Bailey and Ice Cave.

You collected 2280 gold pieces.

Inventory:

Hand Weapons
 Q - a cursed +5 battleaxe of protection (weapon)
Missiles
 F - 2 throwing nets (quivered)
Armour
 s - the +3 leather armour of Arphauschigg {Dex+6}
   (You found it on level 6 of the Lair of Beasts)

   It affects your dexterity (+6).
 G - the cursed +4 ring mail of the Arcane (worn) {rElec rN+++ SInv Stlth-}
   (You found it on level 8 of the Dungeon)

   It insulates you from electricity.
   It renders you almost immune to negative energy.
   It lets you see invisible.
   It makes you less stealthy.
   It has a curse placed upon it.
 H - the cursed +0 cloak of Kaurch {rElec rC- rCorr Dex-2}
   (You found it on level 14 of the Dungeon)

   It affects your dexterity (-2).
   It makes you vulnerable to cold.
   It insulates you from electricity.
   It protects you from acid and corrosion.
   It has a curse placed upon it.
Jewellery
 d - the cursed amulet "Muwk" (around neck) {RegenMP rPois Stlth+}
   (You acquired it on level 1 of the Lair of Beasts)

   [amulet of magic regeneration]

   It increases your magic regeneration.
   It protects you from poison.
   It makes you more stealthy.
   It has a curse placed upon it.
 h - a cursed +2 ring of protection (left hand)
 w - a cursed +2 ring of strength (right hand)
 z - an uncursed ring of protection from cold
 A - an uncursed amulet of faith
 J - an uncursed ring of protection from cold
Wands
 o - a wand of flame (21)
 q - a wand of digging (13)
 D - a wand of acid (13)
 K - a wand of polymorph (19)
 U - a wand of paralysis (14)
 Y - a wand of disintegration (6)
Scrolls
 e - 4 scrolls of fear
 n - 10 scrolls of remove curse
 p - 7 scrolls of teleportation
 r - 21 scrolls of identify
 t - a scroll of enchant armour
 v - 3 scrolls of magic mapping
 y - 4 scrolls of fog
 C - a scroll of torment {unknown}
 E - 9 scrolls of blinking
Potions
 a - a potion of mutation {unknown}
 b - 2 potions of agility
 c - a potion of curing
 i - 4 potions of resistance
 k - a potion of ambrosia
 m - a potion of berserk rage {unknown}
 u - 2 potions of flight
 B - a potion of magic
 N - 3 potions of might {unknown}
Books
 g - a book of Party Tricks

   Spells                             Type                      Level
   a - Summon Butterflies             Summoning                    1
   b - Apportation                    Translocation                1
   c - Lesser Beckoning               Translocation                3
   d - Tukima's Dance                 Hexes                        3
   e - Alistair's Intoxication        Transmutation/Poison         5
   f - Invisibility                   Hexes                        6
 T - a manual of Polearms
Miscellaneous
 x - a sack of spiders
Comestibles
 f - 18 bread rations
 j - 4 fruits
 l - 2 meat rations


   Skills:
 - Level 13.1 Fighting
 - Level 12.3(17.7) Axes
 - Level 1.7 Throwing
 - Level 8.6 Armour
 - Level 9.2 Dodging
 + Level 9.0 Spellcasting
 + Level 9.8(14.1) Hexes
 - Level 8.2(12.6) Evocations


You had 26 spell levels left.
You knew the following spells:

 Your Spells              Type           Power        Failure   Level  Hunger
a - Invisibility          Hex            ####....     10%         6    #######


Dungeon Overview and Level Annotations

Branches:
Dungeon (15/15)            Temple (1/1) D:4            Lair (6/6) D:8
 Shoals (0/4) Lair:4       Spider (0/4) Lair:3        Slime (0/5) Lair:5
    Orc (1/2) D:11         Vaults (0/5) D:13         Depths (0/5) D:15

Altars:
Ashenzari
Cheibriados
Dithmenos
Elyvilon
Fedhas
Gozag
Hepliaklqana
Makhleb
Nemelex Xobeh
Okawaru
Qazlal
Ru
Sif Muna
Trog
Uskayaw
Vehumet
Wu Jian
Xom
Yredelemnul
Zin
The Shining One

Shops:
D:4 *?=(   D:8 (

Annotations:
D:3 Grinder


Innate Abilities, Weirdness & Mutations

You have a pair of small horns on your head.
You may emit foul miasma when damaged in melee.
You sometimes gain power by taking damage.
You are immune to rotting.
When seriously injured, your bleeding wounds create very thick armour. (AC +12)


Message History

You slice the freezing wraith like a ripe choko!!!
The freezing wraith closely misses you. x3; The freezing wraith misses you.
The freezing wraith hits you but does no damage.
The freezing wraith barely misses you.
The freezing wraith hits you but does no damage.
The freezing wraith barely misses you.
You completely miss the freezing wraith.
Your headbutt misses the freezing wraith.
The freezing wraith is almost destroyed.
You barely miss the freezing wraith. You slash the freezing wraith!
You destroy the freezing wraith!
The freezing wraith barely misses you.
The freezing wraith hits you but does no damage. x3
The white imp lashes its tail.
The freezing wraith hits you.
* * * LOW HITPOINT WARNING * * *
The freezing wraith freezes you!!
* * * LOW HITPOINT WARNING * * *
The freezing wraith hits you!
You die...

, , ∆{{ * , ,, * ,,
{ *∆∆{{*∆ * .....8
, ,*∆∆{{ *,.....,*
* , ,,, ∆{{* *
*...._., , * ,,
**{{ Z5...., * *
*#####85Z...8 *, **
* ##..#ZZ5.... * ,
##...#ZZZZ... , * *
#..#.@W5#{ ** * , *
#..#..W##* ≈ ≈≈**
*, #..##.##≈≈ ≈≈≈
**, ##..###≈ #####
≈≈* ,, ######..##
##...##≈ * * #)(#
##..#≈#.....#*≈ ,
#..###..####..#..##
, * ##...#..##
#..##...## *
#......##
##.####...##


You could see 2 freezing wraiths, 4 white imps, a spriggan simulacrum, 2 naga
simulacra, 2 ogre simulacra, 2 troll simulacra and a draconian simulacrum.

Vanquished Creatures
  Rupert (D:12)
  Nessos (D:13)
  Snorg (D:13)
  The ghost of Daviar the Martial Artist, a journeyman OpFi of Wu Jian (D:10)
  A minotaur (Lab)
  Fannar (Lair:1)
  6 hydras
  6 two-headed ogres
  2 centaur warriors (D:13)
  An ogre mage (D:13)
  6 death yaks
  A tengu warrior (D:13)
  3 unseen horrors
  2 wizards (D:15)
  A necromancer (D:15)
  An orc knight (Orc:1)
  2 deep elf magi
  5 ugly things
  9 elephants
  3 merfolk sirens (Lair:4)
  2 cyclopes
  9 steam dragons
  3 black mambas
  2 naga magi (D:15)
  2 gargoyles
  2 torpor snails
  14 spiny frogs
  An efreet (D:11)
  10 rime drakes
  12 komodo dragons
  8 freezing wraiths (IceCv)
  4 trolls
  A meliai (shapeshifter) (D:11)
  6 polar bears
  5 hornets (Lair:6)
  A merfolk (Lair:4)
  A wolf spider simulacrum (D:15)
  6 slime creatures
  8 hippogriffs
  13 blink frogs
  13 dream sheep
  A centaur simulacrum (D:15)
  A meliai zombie (D:13)
  12 spriggans (Lair:6)
  A wraith (D:15)
  A wyvern (Lair:4)
  21 yaks
  3 basilisks
  Grum (Lair:1)
  7 vampire mosquitoes
  3 hungry ghosts
  A death yak simulacrum (IceCv)
  A warg (Orc:1)
  An acid dragon (Lair:3)
  8 water moccasins
  6 black bears
  11 porcupines
  A meliai simulacrum (D:14)
  14 orc warriors
  A sky beast (D:15)
  A hornet zombie (D:15)
  12 ice beasts
  3 phantoms
  37 wolves
  4 ogres
  3 boggarts (Lair:6)
  8 centaurs
  8 crocodiles
  A big kobold (D:10)
  14 bullfrogs
  A gnoll sergeant (D:9)
  A water moccasin zombie (Ossuary)
  4 scorpions
  3 killer bees (D:8)
  17 wights
  An elephant simulacrum (IceCv)
  2 electric eels
  2 howler monkeys (D:6)
  12 crimson imps
  2 centaur zombies
  A bullfrog zombie (D:8)
  2 quasits
  6 hounds
  5 jellies
  20 orc wizards
  11 orc priests
  4 bullfrog skeletons
  3 centaur skeletons
  3 iguanas
  Terence (D:3)
  Natasha (D:3)
  8 worker ants
  2 wolf simulacra (IceCv)
  A big kobold zombie (Ossuary)
  2 mummies (Ossuary)
  A howler monkey zombie (D:10)
  A worker ant zombie (D:9)
  7 gnolls
  14 adders
  2 shadow imps
  8 white imps (IceCv)
  An ooze (D:1)
  9 adder zombies
  A worm (D:3)
  2 dart slugs
  5 leopard geckos
  60 orcs
  5 ball pythons
  6 bats
  19 giant cockroaches
  4 gnoll zombies (Ossuary)
  9 goblins
  9 hobgoblins
  10 jackals
  6 quokkas
  A frilled lizard (D:2)
  7 hobgoblin zombies (Ossuary)
  A jackal skeleton (D:5)
  20 kobolds
  3 kobold zombies (Ossuary)
  An orc zombie (Ossuary)
  A quokka skeleton (D:4)
  A quokka zombie (D:7)
  15 rats
  7 fungi
  3 plants
717 creatures vanquished.

Vanquished Creatures (others)
  3 rime drakes (Lair:3)
  3 fungi
6 creatures vanquished.

Grand Total: 723 creatures vanquished

Notes
Turn   | Place    | Note
-------+----------+-------------------------------------------
     0 | D:1      | Gerstahl the Demonspawn Gladiator began the quest for the Orb.
     0 | D:1      | Reached XP level 1. HP: 16/16 MP: 1/1
   371 | D:1      | Gained mutation: When seriously injured, your bleeding wounds create armour. (AC +12) [demonic ancestry]
   371 | D:1      | Reached XP level 2. HP: 23/23 MP: 2/2
   939 | D:1      | Gained mutation: You sometimes gain a little power by taking damage. [demonic ancestry]
   939 | D:1      | Reached XP level 3. HP: 25/28 MP: 3/3
  1211 | D:2      | Found a bloodstained altar of Trog.
  1227 | D:2      | Reached skill level 3 in Fighting
  1623 | D:2      | Gained mutation: You are immune to rotting. [demonic ancestry]
  1623 | D:2      | Reached XP level 4. HP: 12/35 MP: 4/4
  1883 | D:2      | Found a shadowy altar of Dithmenos.
  2302 | D:3      | Noticed Grinder
  2596 | D:3      | Noticed Terence
  2603 | D:3      | Gained mutation: When seriously injured, your bleeding wounds create thick armour. (AC +12) [demonic ancestry]
  2603 | D:3      | Reached XP level 5. HP: 39/42 MP: 5/5
  2617 | D:3      | Killed Terence
  2617 | D:3      | Reached skill level 4 in Fighting
  2812 | D:3      | Found a glowing drain.
  2819 | Sewer    | Entered a sewer
  2862 | Sewer    | Noticed KristoblXynda's ghost (amateur TeGl)
  3205 | D:3      | Paralysed by Grinder for 6 turns
  3836 | D:3      | Noticed Natasha
  3842 | D:3      | Killed Natasha
  3979 | D:4      | Found an opulent altar of Gozag.
  4030 | D:4      | Found Viwuivecs's Magic Scroll Emporium.
  4033 | D:4      | Found Haiw's Jewellery Emporium.
  4051 | D:4      | Found Zunad's Weapon Boutique.
  4254 | D:4      | Gained mutation: You may emit foul miasma when damaged in melee. [demonic ancestry]
  4254 | D:4      | Reached XP level 6. HP: 39/49 MP: 6/6
  4332 | D:4      | Found Punicant's General Store.
  4456 | D:4      | Found a staircase to the Ecumenical Temple.
  4470 | Temple   | Entered the Ecumenical Temple
  4526 | Temple   | Became a worshipper of Ashenzari the Shackled
  4622 | D:5      | Entered Level 5 of the Dungeon
  4696 | D:5      | Reached skill level 5 in Fighting
  4696 | D:5      | Reached skill level 5 in Axes
  4883 | D:5      | Found a sand-covered staircase.
  4888 | Ossuary  | Entered an ossuary
  5273 | Ossuary  | Reached XP level 7. HP: 25/56 MP: 7/7
  5650 | D:5      | Found a radiant altar of Vehumet.
  5655 | D:5      | Found a glowing silver altar of Zin.
  5656 | D:5      | Found an ornate altar of the Wu Jian Council.
  5659 | D:5      | Found a hide-covered altar of Uskayaw.
  5660 | D:5      | Found a shimmering altar of Xom.
  5854 | D:5      | Reached skill level 6 in Fighting
  6737 | D:6      | Gained mutation: You sometimes gain power by taking damage. [demonic ancestry]
  6737 | D:6      | Reached XP level 8. HP: 40/65 MP: 8/8
  6796 | D:6      | Reached * piety under Ashenzari
  6807 | D:6      | Reached skill level 7 in Fighting
  7601 | D:7      | Reached skill level 8 in Fighting
  7955 | D:7      | Reached XP level 9. HP: 66/75 MP: 9/9
  8678 | D:8      | Found a staircase to the Lair.
  8687 | D:8      | Noticed a two-headed ogre
  8700 | D:8      | Killed a two-headed ogre
  8700 | D:8      | Reached skill level 9 in Fighting
  8940 | D:8      | Found a flagged portal.
  8943 | D:8      | Got the uncursed ring mail of the Arcane {rElec rN+++ SInv Stlth-}
  9181 | D:8      | Identified the +4 ring mail of the Arcane {rElec rN+++ SInv Stlth-} (You found it on level 8 of the Dungeon)
  9240 | Bailey   | Entered a bailey
  9245 | Bailey   | Noticed an orc warlord
  9245 | Bailey   | Noticed Dustman's ghost (journeyman HuGl)
  9503 | D:8      | Reached skill level 1 in Armour
  9795 | D:8      | Reached skill level 10 in Fighting
  9877 | D:8      | Found Wapo Jack's Weapon Boutique.
  9997 | D:8      | Reached XP level 10. HP: 74/85 MP: 10/10
 10150 | Lair:1   | Entered Level 1 of the Lair of Beasts
 10154 | Lair:1   | Noticed a spiny frog
 10162 | Lair:1   | Killed a spiny frog
 10448 | Lair:1   | Reached ** piety under Ashenzari
 10516 | Lair:1   | Noticed a black mamba
 10521 | Lair:1   | Noticed Grum
 10551 | D:8      | HP: 3/85 [wolf[Grum] (6)]
 10853 | D:8      | Found an iron altar of Okawaru.
 11324 | D:9      | Found an ornate altar of the Wu Jian Council.
 11561 | D:9      | Reached skill level 1 in Evocations
 12214 | D:10     | Entered Level 10 of the Dungeon
 12235 | D:10     | Noticed Daviar's ghost (journeyman OpFi)
 12272 | D:10     | Reached skill level 10 in Axes
 12277 | D:10     | HP: 1/86 [Daviar's ghost (11)]
 13240 | D:10     | Killed Daviar's ghost
 13240 | D:10     | Reached skill level 5 in Dodging
 13507 | D:10     | Noticed a gargoyle
 13519 | D:10     | Killed a gargoyle
 13519 | D:10     | Reached XP level 11. HP: 63/92 MP: 13/13
 14118 | D:11     | Noticed a purple ugly thing
 14130 | D:11     | Killed a purple ugly thing
 14436 | D:11     | Noticed a red ugly thing
 14441 | D:11     | Reached skill level 11 in Fighting
 14523 | D:12     | Noticed Rupert
 14799 | D:11     | Found a staircase to the Orcish Mines.
 14993 | D:11     | Noticed a green ugly thing
 15006 | D:11     | Killed a green ugly thing
 15006 | D:11     | Reached skill level 5 in Armour
 15428 | Lair:1   | Killed Grum
 15996 | Lair:1   | Noticed Fannar
 16038 | Lair:1   | Killed Fannar
 16310 | Lair:1   | Reached *** piety under Ashenzari
 16605 | Lair:1   | Reached skill level 5 in Evocations
 17146 | Lair:1   | Found a white marble altar of Elyvilon.
 17531 | Lair:2   | Found a glowing silver altar of Zin.
 17751 | Lair:2   | Gained mutation: You have a pair of small horns on your head. [demonic ancestry]
 17751 | Lair:2   | Reached XP level 12. HP: 77/100 MP: 16/16
 18149 | Lair:2   | Noticed a six-headed hydra
 18522 | Lair:2   | Noticed a six-headed hydra
 19213 | Lair:2   | Killed a nine-headed hydra
 19694 | Lair:3   | Reached skill level 12 in Fighting
 19867 | Lair:3   | HP: 3/102 [something/ball of steam (15)]
 20552 | Lair:3   | Found a hole to the Spider Nest.
 21539 | Lair:4   | Reached **** piety under Ashenzari
 22070 | Lair:4   | Noticed a five-headed hydra
 22080 | Lair:4   | Killed an 11-headed hydra
 22080 | Lair:4   | Reached XP level 13. HP: 19/109 MP: 18/18
 22436 | Lair:4   | Found a staircase to the Shoals.
 23608 | Lair:5   | Found a labyrinth entrance.
 23624 | Lab      | Entered a labyrinth
 23904 | Lab      | Upgraded the game from 0.21-a0-522-ga8338f0 to 0.21-a0-525-ga34b322
 24107 | Lab      | Noticed a minotaur
 24111 | Lab      | Killed a minotaur
 24186 | Lab      | Identified the +3 dagger "Rohop" {protect, rElec rF+ MR+ Str-4}
 24186 | Lab      | Identified the +3 leather armour of the Trombone {rPois Str+7 Dex-2}
 24186 | Lab      | Identified the +5 ring mail of Crawling {rPois MR+++ Int+4 Slay-4}
 24713 | Lair:1   | Identified a scroll of acquirement
 24713 | Lair:1   | Identified the cursed amulet "Muwk" {RegenMP rPois Stlth+} (You acquired it on level 1 of the Lair of Beasts)
 25012 | Lair:5   | Found a staircase to the Slime Pits.
 25398 | Lair:5   | Reached skill level 13 in Fighting
 25787 | Lair:5   | Reached ***** piety under Ashenzari
 26025 | Lair:6   | Entered Level 6 of the Lair of Beasts
 26049 | Lair:6   | Learned a level 6 spell: Invisibility
 26074 | Lair:6   | Reached skill level 1 in Hexes
 26128 | Lair:6   | Reached skill level 1 in Spellcasting
 26493 | Lair:6   | Gained mutation: When seriously injured, your bleeding wounds create very thick armour. (AC +12) [demonic ancestry]
 26493 | Lair:6   | Reached XP level 14. HP: 84/118 MP: 20/20
 27383 | Lair:6   | Reached skill level 5 in Hexes
 27704 | Lair:6   | Reached skill level 5 in Spellcasting
 27915 | Lair:6   | Identified the +3 leather armour of Arphauschigg {Dex+6}
 28575 | D:12     | Paralysed by Rupert for 4 turns
 28591 | D:12     | Killed Rupert
 29361 | D:13     | Noticed Snorg
 29380 | D:13     | Killed Snorg
 30095 | D:13     | Noticed Nessos
 30111 | D:13     | Killed Nessos
 30461 | D:13     | Found a gate to the Vaults.
 31364 | D:14     | Got the cursed cloak of Kaurch {rElec rC- rCorr Dex-2}
 31425 | D:15     | Entered Level 15 of the Dungeon
 31775 | D:15     | Reached XP level 15. HP: 123/123 MP: 26/26
 32232 | D:15     | Found a staircase to the Depths.
 32698 | Orc:1    | Entered Level 1 of the Orcish Mines
 32778 | Orc:1    | Found a frozen archway.
 32955 | IceCv    | Entered an ice cave
 32969 | IceCv    | Reached ****** piety under Ashenzari
 33233 | IceCv    | Found an ancient bone altar of Kikubaaqudgha.
 33242 | IceCv    | Slain by a freezing wraith

Vault maps used:
D:1:      dpeg_arrival_long_road
D:2:      minmay_roachtagon, lightli_temple_of_fire,
          nicolae_dithmenos_shadow_blocks
D:3:      gup_sewer_entry_bubbles, uniq_grinder, uniq_natasha, uniq_terence
D:4:      nicolae_gozag_seed_capital, minmay_temple_entry_junction,
          serial_shops, nicolae_shop_window_shopping, shop,
          nicolae_shop_competitors_out_of_business, shop
D:5:      minitemple, enter_ossuary_2, first_bread, minmay_curled_crystal
D:6:      kennysheep_opposing_triangles
D:8:      dpeg_oklobed_lair, enter_bailey_3, serial_shops,
          nicolae_shop_statue_plus, kennysheep_okawaru_gauntlet
D:9:      basic_altar
D:11:     orc_0_dummy
D:12:     uniq_rupert
D:13:     david_vaults_2, uniq_nessos, uniq_snorg
D:15:     grunt_enter_depths_magical_seal, nicolae_two_hexagons
Temple:   regret_index_temple_waves
Lair:1:   basic_altar, serial_bayou_pond_c, beast_lair_carwin_6,
          grunt_megastairs_2, uniq_fannar, uniq_grum
Lair:2:   basic_altar
Lair:3:   spider_nest_entry_web_field, bobbens_dragon_lair_wall,
          grunt_megastairs_4, lemuel_fruit_tree, serial_bayou_shore_b
Lair:4:   elwin_shoals_entry_stream
Lair:5:   minmay_slime_entry_pillars, lab_entry_generic, serial_bayou_shore_a
Lair:6:   minmay_lair_end_enchanted_forest, minivault_24
Orc:1:    portal_ice_cave_rime
Lab:      nicolae_lab_arrow
Sewer:    sewer_minmay_w
Ossuary:  ossuary_tomb_2
Bailey:   bailey_axe_bossmonster_kennysheep, bailey
IceCv:    ice_cave_small_necro

Skill      XL: |  1  2  3  4  5  6  7  8  9 10 11 12 13 14 15 |
---------------+----------------------------------------------+-----
Axes           | 3 4 5 6 8 9 10 11 12 | 12.3
Fighting       | 3 4 5 6 8 10 11 12 13 | 13.1
Armour         | 2 4 5 7 8 |  8.6
Dodging        | 3 5 6 8 9 |  9.2
Evocations     | 3 5 7 8 |  8.2
Hexes          | 2 8 9 |  9.8
Spellcasting   | 2 7 9 |  9.0
Throwing       | |  1.7

Action                   |  1- 3 |  4- 6 |  7- 9 | 10-12 | 13-15 || total
-------------------------+-------+-------+-------+-------+-------++-------
Melee: War axe           |   124 |   277 |   390 |   733 |       ||  1524
       Battleaxe         |       |       |       |   161 |   742 ||   903
       Headbutt          |       |       |       |    39 |   192 ||   231
Throw: Throwing net      |       |       |     3 |     2 |       ||     5
Invok: Curse Item        |       |       |     3 |     1 |       ||     4
Evoke: Wand              |       |       |       |     7 |     8 ||    15
  Use: Potion            |     2 |     1 |     8 |    16 |     3 ||    30
       Scroll            |       |     2 |     6 |     1 |    19 ||    28
 Stab: Sleeping          |       |       |     1 |       |       ||     1
       Held in net/web   |       |       |     1 |       |       ||     1
  Eat: Chunk             |     2 |    11 |    10 |     9 |    11 ||    43
       Royal jelly       |       |     3 |     2 |     4 |     5 ||    14
       Meat ration       |       |       |       |     6 |     3 ||     9
       Fruit             |       |       |       |       |     3 ||     3
Armor: Leather armour    |    50 |   103 |    91 |       |       ||   244
       Skin              |       |       |     9 |       |       ||     9
       Ring mail         |       |       |    66 |   412 |   348 ||   826
Dodge: Dodged            |    97 |   204 |   265 |   718 |   746 ||  2030

Table legend:
 A = Spawn XP
 B = Non-spawn XP
 C = Spawn XP percentage of total XP
 D = Spawn monster count
 E = Non-spawn monster count
 F = Spawn count percentage of total count
 G = Total turns spent on level
                    A         B        C        D         E        F      G
               +---------+---------+-------+---------+---------+-------+---------
         Total |       0 |  117274 |   0.0 |       0 |     708 |   0.0 | 33242
               +---------+---------+-------+---------+---------+-------+---------
           D:1 |       0 |      51 |   0.0 |       0 |      26 |   0.0 |  1169
           D:2 |       0 |     127 |   0.0 |       0 |      32 |   0.0 |  1271
           D:3 |       0 |     138 |   0.0 |       0 |      26 |   0.0 |  1364
           D:4 |       0 |      84 |   0.0 |       0 |       3 |   0.0 |   635
           D:5 |       0 |     431 |   0.0 |       0 |      17 |   0.0 |   905
           D:6 |       0 |     915 |   0.0 |       0 |      29 |   0.0 |  1273
           D:7 |       0 |    1103 |   0.0 |       0 |      21 |   0.0 |  1221
           D:8 |       0 |    3066 |   0.0 |       0 |      47 |   0.0 |  2412
           D:9 |       0 |    1297 |   0.0 |       0 |      27 |   0.0 |  2001
          D:10 |       0 |    3354 |   0.0 |       0 |      47 |   0.0 |   938
          D:11 |       0 |    3444 |   0.0 |       0 |      25 |   0.0 |  1388
          D:12 |       0 |    7363 |   0.0 |       0 |      23 |   0.0 |   874
          D:13 |       0 |   11060 |   0.0 |       0 |      30 |   0.0 |  1368
          D:14 |       0 |    2402 |   0.0 |       0 |       5 |   0.0 |   826
          D:15 |       0 |   10979 |   0.0 |       0 |      31 |   0.0 |  1211
        Lair:1 |       0 |    8370 |   0.0 |       0 |      29 |   0.0 |  2978
        Lair:2 |       0 |    4600 |   0.0 |       0 |      16 |   0.0 |  2276
        Lair:3 |       0 |    8680 |   0.0 |       0 |      37 |   0.0 |  1422
        Lair:4 |       0 |   11529 |   0.0 |       0 |      32 |   0.0 |  2103
        Lair:5 |       0 |    9658 |   0.0 |       0 |      38 |   0.0 |  1326
        Lair:6 |       0 |   20499 |   0.0 |       0 |      76 |   0.0 |  2319
         Orc:1 |       0 |    2886 |   0.0 |       0 |      26 |   0.0 |   257
           Lab |       0 |    1045 |   0.0 |       0 |       1 |   0.0 |   565
         Sewer |       0 |      10 |   0.0 |       0 |       8 |   0.0 |    88
       Ossuary |       0 |     208 |   0.0 |       0 |      27 |   0.0 |   644
        Bailey |       0 |       4 |   0.0 |       0 |       3 |   0.0 |    26
         IceCv |       0 |    3971 |   0.0 |       0 |      26 |   0.0 |   287
               +---------+---------+-------+---------+---------+-------+---------
